 Dungeon Crawl Stone Soup version 0.28.0-53-g5a82cb258f (webtiles) character file.

Game seed: 14105762717867777105

53 pkoi the Insei (level 3, -2/29 HPs)
             Began as a Demigod Gladiator on May 25, 2022.
             Slain by Jessica
             ... wielding a +0 club
              (4 damage)
             ... on level 2 of the Dungeon.
             The game lasted 00:02:26 (1582 turns).

pkoi the Insei (Demigod Gladiator)                  Turns: 1582, Time: 00:02:26

Health: -2/29      AC:  4    Str: 15    XL:     3   Next: 41%
Magic:  5/5        EV: 12    Int: 14    God:
Gold:   47         SH:  0    Dex: 15    Spells: 2/2 levels left

rFire   + . .      SeeInvis .     - Unarmed
rCold   . . .      Faith    .   (no shield)
rNeg    . . .      Spirit   .   a - +0 leather armour
rPois   .          Reflect  .   b - +0 helmet
rElec   .          Harm     .   (no cloak)
rCorr   .          Rampage  .   (no gloves)
Will    .....                   (no boots)
Stlth   +.........              (no amulet)
HPRegen 0.09/turn               d - ring of protection from fire
MPRegen 0.09/turn               (no ring)

@: no status effects
A: high MP 1, forlorn, divine attributes
a: no special abilities


You were on level 2 of the Dungeon.
You visited 1 branch of the dungeon, and saw 2 of its levels.

You collected 47 gold pieces.

Inventory:

Hand Weapons
 g - a +0 mace
 i - a +0 rapier
Missiles
 c - 3 throwing nets (quivered)
 e - 2 poisoned darts
Armour
 a - a +0 leather armour (worn)
 b - a +0 helmet (worn)
Jewellery
 d - a ring of protection from fire (left hand)
 j - a +4 ring of evasion
Wands
 f - a wand of flame (5)
Scrolls
 k - a scroll of vulnerability
 l - a scroll of teleportation {unknown}
Potions
 h - a potion of cancellation
 m - a potion of curing


   Skills:
 - Level 1.7 Fighting
 - Level 1.7 Throwing
 - Level 2.6 Dodging
 + Level 4.2 Unarmed Combat


You had 2 spell levels left.
You didn't know any spells.
Your spell library was empty.

Dungeon Overview and Level Annotations

Branches:
Dungeon (2/15)

Annotations:
D:2 Jessica


Innate Abilities, Weirdness & Mutations

You have an increased reservoir of magic. (+10% MP)
You shall have no god before yourself.
Your divine heritage dramatically boosts your attributes as you level up.


Message History

You start waiting.
Jessica is nearby!
Jessica barely misses you. Jessica closely misses you.
You closely miss Jessica. Jessica hits you but does no damage.
You hit Jessica.
Jessica is heavily wounded.
Jessica gestures at you while chanting.
You barely resist. You completely miss Jessica.
Jessica is heavily wounded.
Jessica hits you with a +0 club.
Jessica gestures wildly while chanting.
Jessica seems to speed up.
You barely miss Jessica.
Jessica is heavily wounded.
Jessica hits you with a +0 club.
* * * LOW HITPOINT WARNING * * *
Jessica hits you but does no damage.
You hit Jessica.
Jessica is almost dead.
Jessica hits you but does no damage.
Jessica mumbles some strange words.
Jessica blinks!
Jessica points at you and mumbles some strange words.
Pain shoots through your body!
* * * LOW HITPOINT WARNING * * *
Jessica gestures wildly while chanting.
Jessica blinks!
Jessica mumbles some strange words.
Jessica blinks!
Jessica casts a spell at you. Pain shoots through your body!
* * * LOW HITPOINT WARNING * * *
Jessica casts a spell at you. You resist with some effort.
You barely miss Jessica.
Jessica is almost dead.
You feel yourself speed up. Jessica hits you with a +0 club.
You die...

#.###.# #.# #.#
#.# #.# #.#
#.###.## ######
#.# #......#
.....####.#
#####..#
.<........#
#..####
.†....#####
#.....# .##...#
#####.####
......## #..@@.#
.......####
#.#####
..........# #.#
.#.....#######.#
.#.............#
.##+#..#########
..>.#..........#
...............#
##..##.........#


You could see Jessica (fast).

Vanquished Creatures
  Natasha (D:2)
  3 ball pythons (D:1)
  3 endoplasms (D:1)
  2 giant cockroaches (D:1)
  3 goblins
  4 hobgoblins
  2 bats
  3 frilled lizards
  2 kobolds (D:1)
  3 rats
26 creatures vanquished.

Vanquished Creatures (others)
  A goblin (D:1)
  A bat (D:1)
  A rat (D:1)
3 creatures vanquished.

Grand Total: 29 creatures vanquished

Notes
Turn   | Place    | Note
-------+----------+-------------------------------------------
     0 | D:1      | pkoi the Demigod Gladiator began the quest for the Orb.
     0 | D:1      | Reached XP level 1. HP: 17/17 MP: 3/3
   268 | D:1      | Reached skill level 3 in Unarmed Combat
   368 | D:1      | Reached XP level 2. HP: 16/24 MP: 4/4
  1079 | D:2      | Noticed Natasha
  1090 | D:2      | Killed Natasha
  1091 | D:2      | Reached skill level 4 in Unarmed Combat
  1091 | D:2      | Reached XP level 3. HP: 7/29 MP: 5/5
  1333 | D:2      | Noticed Jessica
  1582 | D:2      | Slain by Jessica

Illustrated notes

Levels and vault maps discovered:
D:1:      minmay_arrival_up_and_down, layout_basic, basic_ecumenical_altar,
          lemuel_flame_loot_1
D:2:      layout_basic, minmay_quadrilaterals, uniq_natasha, uniq_jessica

Skill      XL: |  1  2 |
---------------+-------+-----
Unarmed Combat | 3 4 |  4.2
Fighting       | |  1.7
Throwing       | |  1.7
Dodging        | |  2.6

Action                   || total
-------------------------++-------
Melee: Unarmed           ||    89
       Mace              ||    12
  Use: Scroll            ||     3
       Potion            ||     1
Armor: Leather armour    ||    31
Dodge: Dodged            ||    46
